TOP OF THE 1ST |
Indianapolis Indians batting - Pitching for Colorado Springs Sky Sox : RHP Edwin Vasquez
|
Pitching: RHP Edwin Vasquez
|
|
Batting: RHB David Contreras
|
0-0: Ball 1-0: Foul Ball, location: 2F 1-1: Ball 2-1: Swinging Strike 2-2: Foul Ball, location: 2F 2-2: Foul Ball, location: 2F 2-2: Foul Ball, location: 2F 2-2: Fly out, F9 (Flyball, 89XD, EV 103.1 MPH)
|
Batting: RHB Chris McCoy
|
0-0: Ball 1-0: Swinging Strike 1-1: Ground out 1-3 (Groundball, 15S, EV 66.9 MPH)
|
Batting: SHB Ben Myers
|
0-0: Foul Ball, location: 2F 0-1: Ball 1-1: TRIPLE (Line Drive, 9LD, EV 113.1 MPH)
|
Batting: RHB Mike Cochran
|
0-0: Ball 1-0: Called Strike 1-1: Called Strike 1-2: Ball 2-2: Ball 3-2: Base on Balls
|
Batting: LHB Jorge Quintana
|
0-0: Ball 1-0: Foul Ball, location: 2F 1-1: Ball 2-1: Ground out 4-3 (Groundball, 4, EV 88.1 MPH)
|
Top of the 1st over - 0 runs, 1 hit, 0 errors, 2 left on base; Indianapolis 0 - Colorado Springs 0 |
BOTTOM OF THE 1ST |
Colorado Springs Sky Sox batting - Pitching for Indianapolis Indians : LHP Martin Garcia
|
Pitching: LHP Martin Garcia
|
|
Batting: RHB Kennet Strijbis
|
0-0: Swinging Strike 0-1: Ball 1-1: Ground out 6-3 (Groundball, 6M, EV 99.4 MPH)
|
Batting: RHB George Lundy
|
0-0: Ground out 6-3 (Groundball, 6, EV 100.6 MPH)
|
Batting: RHB Devine Adams
|
0-0: Called Strike 0-1: Ball 1-1: Called Strike 1-2: SINGLE (Groundball, 56S, EV 71.3 MPH) (infield hit)
|
Batting: RHB Bobby Bowman
|
0-0: Ball 1-0: Ball Devine Adams steals 2nd base 2-0: Ball 3-0: Foul Ball, location: 2F 3-1: Called Strike 3-2: Ground out 6-3 (Groundball, 6, EV 86.3 MPH)
|
Bottom of the 1st over - 0 runs, 1 hit, 0 errors, 1 left on base; Indianapolis 0 - Colorado Springs 0 |
TOP OF THE 2ND |
Indianapolis Indians batting - Pitching for Colorado Springs Sky Sox : RHP Edwin Vasquez
|
Batting: SHB Louie Horne
|
0-0: Called Strike 0-1: Ground out 5-3 (Groundball, 56S, EV 73.1 MPH)
|
Batting: RHB Toshimi Shishido
|
0-0: Ground out 6-3 (Groundball, 6MS, EV 88.8 MPH)
|
Batting: RHB Danny Gallegos
|
0-0: SINGLE (Groundball, 56D, EV 97.5 MPH)
|
Batting: SHB Mike Jorgenson
|
0-0: Ball 1-0: Ball 2-0: Ball 3-0: Called Strike 3-1: Foul Ball, location: 2F 3-2: Foul Ball, location: 2F 3-2: Foul Ball, location: 2F 3-2: SINGLE (Line Drive, 7LS, EV 90.0 MPH) Danny Gallegos to second Danny Gallegos to third
|
Batting: RHB David Contreras
|
0-0: Ball 1-0: Called Strike 1-1: SINGLE (Flyball, 78S, EV 101.3 MPH) Danny Gallegos scores Mike Jorgenson to second
|
Batting: RHB Chris McCoy
|
0-0: Ball 1-0: Called Strike 1-1: SINGLE (Line Drive, 89M, EV 87.5 MPH) Mike Jorgenson to third David Contreras to second Runner from 3rd tries for Home, SAFE, throw by CF to home
|
Batting: SHB Ben Myers
|
0-0: Ball 1-0: Foul Ball, location: 2F 1-1: Fly out, F8 (Line Drive, 8LM, EV 90.0 MPH)
|
Top of the 2nd over - 2 runs, 4 hits, 0 errors, 2 left on base; Indianapolis 2 - Colorado Springs 0 |
BOTTOM OF THE 2ND |
Colorado Springs Sky Sox batting - Pitching for Indianapolis Indians : LHP Martin Garcia
|
Batting: RHB Orlando Fernandez
|
0-0: Foul Ball, location: 2F 0-1: Swinging Strike 0-2: Strikes out swinging
|
Batting: RHB Colin Lord
|
0-0: Fly out, F7 (Flyball, 7, EV 91.9 MPH)
|
Batting: LHB Koson Hirai
|
0-0: Called Strike 0-1: Ball 1-1: Fly out, F7 (Flyball, 7S, EV 83.8 MPH)
|
Bottom of the 2nd over - 0 runs, 0 hits, 0 errors, 0 left on base; Indianapolis 2 - Colorado Springs 0 |
TOP OF THE 3RD |
Indianapolis Indians batting - Pitching for Colorado Springs Sky Sox : RHP Edwin Vasquez
|
Batting: RHB Mike Cochran
|
0-0: Swinging Strike 0-1: Ground out 4-3 (Groundball, 4, EV 93.8 MPH)
|
Batting: LHB Jorge Quintana
|
0-0: Ball 1-0: Foul Ball, location: 2F 1-1: Fly out, F7 (Line Drive, 7, EV 105.0 MPH)
|
Batting: SHB Louie Horne
|
0-0: Called Strike 0-1: Ball 1-1: Ball 2-1: Ball 3-1: SINGLE (Groundball, 56D, EV 101.3 MPH)
|
Batting: RHB Toshimi Shishido
|
0-0: Ball 1-0: Fly out, F9 (Line Drive, 9, EV 90.0 MPH)
|
Top of the 3rd over - 0 runs, 1 hit, 0 errors, 1 left on base; Indianapolis 2 - Colorado Springs 0 |
BOTTOM OF THE 3RD |
Colorado Springs Sky Sox batting - Pitching for Indianapolis Indians : LHP Martin Garcia
|
Batting: RHB Dwane Reed
|
0-0: Foul Ball, location: 2F 0-1: Ball 1-1: Ball 2-1: Fly out, F5 (Popup, 5F, EV 66.3 MPH)
|
Batting: LHB Elijah Black
|
0-0: Called Strike 0-1: Called Strike 0-2: Ball 1-2: DOUBLE (Line Drive, 5D, EV 94.4 MPH)
|
Batting: RHB Kennet Strijbis
|
0-0: SINGLE (Flyball, 8LS, EV 90.6 MPH) Elijah Black to third
|
Batting: RHB George Lundy
|
0-0: Ball 1-0: Ball 2-0: Ball Kennet Strijbis steals 2nd, throwing error, E2 Elijah Black scores Kennet Strijbis to third 3-0: SINGLE (Groundball, 56, EV 96.3 MPH) Kennet Strijbis scores
|
Batting: RHB Devine Adams
|
0-0: Swinging Strike 0-1: Ball 1-1: Foul Ball, location: 2F 1-2: Ball 2-2: Fielders Choice at 2nd, 4-6 (Groundball, 4M, EV 85.6 MPH)
|
Batting: RHB Bobby Bowman
|
0-0: Ball 1-0: Ball 2-0: Ball 3-0: Called Strike 3-1: Foul Ball, location: 2F 3-2: DOUBLE (Line Drive, 7LS, EV 93.8 MPH) Devine Adams to third Devine Adams scores
|
Batting: RHB Orlando Fernandez
|
0-0: Ball 1-0: Called Strike 1-1: Ball 2-1: Called Strike 2-2: Foul Ball, location: 2F 2-2: Fly out, F4 (Popup, 4M, EV 60.0 MPH)
|
Bottom of the 3rd over - 3 runs, 4 hits, 1 error, 1 left on base; Indianapolis 2 - Colorado Springs 3 |
TOP OF THE 4TH |
Indianapolis Indians batting - Pitching for Colorado Springs Sky Sox : RHP Edwin Vasquez
|
Batting: RHB Danny Gallegos
|
0-0: Foul Ball, location: 2F 0-1: Ground out 1-3 (Groundball, 34S, EV 63.1 MPH)
|
Batting: SHB Mike Jorgenson
|
0-0: DOUBLE (Line Drive, 7LS, EV 100.6 MPH)
|
Pinch Runner at 2nd Bubba Tierney:
|
|
Batting: RHB David Contreras
|
0-0: Ball 1-0: Called Strike Bubba Tierney steals 3rd base 1-1: Ball 2-1: Ground out 6-3 (Groundball, 6, EV 107.5 MPH) Bubba Tierney scores
|
Batting: RHB Chris McCoy
|
0-0: Ball 1-0: Called Strike 1-1: Ball 2-1: Swinging Strike 2-2: Strikes out swinging
|
Top of the 4th over - 1 run, 1 hit, 0 errors, 0 left on base; Indianapolis 3 - Colorado Springs 3 |
BOTTOM OF THE 4TH |
Colorado Springs Sky Sox batting - Pitching for Indianapolis Indians : LHP Martin Garcia
|
Now at SS: Bubba Tierney
|
|
Now in CF: Chris McCoy
|
|
Batting: RHB Colin Lord
|
0-0: Ground out 1-3 (Groundball, 13S, EV 73.1 MPH)
|
Batting: LHB Koson Hirai
|
0-0: Ball 1-0: Ball 2-0: Fly out, F4 (Popup, 4S, EV 71.3 MPH)
|
Batting: RHB Dwane Reed
|
0-0: Ball 1-0: Ball 2-0: Fly out, F7 (Flyball, 7S, EV 96.9 MPH)
|
Bottom of the 4th over - 0 runs, 0 hits, 0 errors, 0 left on base; Indianapolis 3 - Colorado Springs 3 |
TOP OF THE 5TH |
Indianapolis Indians batting - Pitching for Colorado Springs Sky Sox : RHP Edwin Vasquez
|
Batting: SHB Ben Myers
|
0-0: Ball 1-0: Fly out, F8 (Flyball, 8LM, EV 92.5 MPH)
|
Batting: RHB Mike Cochran
|
0-0: Foul Ball, location: 2F 0-1: Foul Ball, location: 2F 0-2: Foul Ball, location: 2F 0-2: Ground out 3-1 (Groundball, 34, EV 102.5 MPH)
|
Batting: LHB Jorge Quintana
|
0-0: Ball 1-0: Fly out, F7 (Flyball, 7, EV 83.8 MPH)
|
Top of the 5th over - 0 runs, 0 hits, 0 errors, 0 left on base; Indianapolis 3 - Colorado Springs 3 |
BOTTOM OF THE 5TH |
Colorado Springs Sky Sox batting - Pitching for Indianapolis Indians : LHP Martin Garcia
|
Batting: LHB Elijah Black
|
0-0: Ball 1-0: Foul Ball, location: 2F 1-1: Ball 2-1: Swinging Strike 2-2: Ground out 3-1 (Groundball, 13, EV 88.8 MPH)
|
Batting: RHB Kennet Strijbis
|
0-0: Foul Ball, location: 2F 0-1: Swinging Strike 0-2: Ground out 1-3 (Groundball, 13, EV 70.6 MPH)
|
Batting: RHB George Lundy
|
0-0: Ball 1-0: SINGLE (Groundball, 6D, EV 95.6 MPH)
|
Batting: RHB Devine Adams
|
0-0: Ball 1-0: Fielders Choice at 2nd, 6-4 (Groundball, 6, EV 88.8 MPH)
|
Bottom of the 5th over - 0 runs, 1 hit, 0 errors, 1 left on base; Indianapolis 3 - Colorado Springs 3 |
TOP OF THE 6TH |
Indianapolis Indians batting - Pitching for Colorado Springs Sky Sox : RHP Edwin Vasquez
|
Batting: SHB Louie Horne
|
0-0: Ball 1-0: Foul Ball, location: 2F 1-1: Ball 2-1: Ball 3-1: Base on Balls
|
Batting: RHB Toshimi Shishido
|
0-0: Grounds into double play, 6-4-3 (Groundball, 6, EV 83.1 MPH)
|
Batting: RHB Danny Gallegos
|
0-0: Ball 1-0: Called Strike 1-1: Ball 2-1: Swinging Strike 2-2: Ball 3-2: Base on Balls
|
Batting: RHB Bubba Tierney
|
0-0: Ball 1-0: Ball 2-0: Ball 3-0: Called Strike 3-1: Fly out, F8 (Line Drive, 8RD, EV 103.8 MPH)
|
Top of the 6th over - 0 runs, 0 hits, 0 errors, 1 left on base; Indianapolis 3 - Colorado Springs 3 |
BOTTOM OF THE 6TH |
Colorado Springs Sky Sox batting - Pitching for Indianapolis Indians : LHP Martin Garcia
|
Batting: RHB Bobby Bowman
|
0-0: Fly out, F7 (Flyball, 78S, EV 88.8 MPH)
|
Batting: RHB Orlando Fernandez
|
0-0: Foul Ball, location: 2F 0-1: Ground out 5-3 (Groundball, 56, EV 80.6 MPH)
|
Batting: RHB Colin Lord
|
0-0: Called Strike 0-1: Ball 1-1: Swinging Strike 1-2: Strikes out swinging
|
Bottom of the 6th over - 0 runs, 0 hits, 0 errors, 0 left on base; Indianapolis 3 - Colorado Springs 3 |
TOP OF THE 7TH |
Indianapolis Indians batting - Pitching for Colorado Springs Sky Sox : RHP Edwin Vasquez
|
Pitching: RHP Dave Alfonso
|
|
Batting: RHB David Contreras
|
0-0: Called Strike 0-1: Called Strike 0-2: Ball 1-2: Foul Ball, location: 2F 1-2: Foul Ball, location: 2F 1-2: Ball 2-2: Ball 3-2: Fly out, F9 (Flyball, 9D, EV 104.4 MPH)
|
Batting: RHB Chris McCoy
|
0-0: Fly out, F7 (Flyball, 78D, EV 90.0 MPH)
|
Batting: SHB Ben Myers
|
0-0: Ball 1-0: Ball 2-0: Ball 3-0: Base on Balls
|
Batting: RHB Mike Cochran
|
0-0: Ground out 4-3 (Groundball, 4S, EV 68.8 MPH)
|
Top of the 7th over - 0 runs, 0 hits, 0 errors, 1 left on base; Indianapolis 3 - Colorado Springs 3 |
BOTTOM OF THE 7TH |
Colorado Springs Sky Sox batting - Pitching for Indianapolis Indians : LHP Martin Garcia
|
Batting: LHB Koson Hirai
|
0-0: Ball 1-0: Ball 2-0: Called Strike 2-1: TRIPLE (Flyball, 8LXD, EV 100.0 MPH)
|
Batting: RHB Dwane Reed
|
0-0: Intentional Walk
|
Batting: LHB Elijah Black
|
0-0: Called Strike 0-1: Ball 1-1: Ball 2-1: Called Strike 2-2: Foul Ball, location: 2F 2-2: Ball 3-2: Fly out, F8 (Flyball, 8RS, EV 73.1 MPH)
|
Pitching: RHP Mario Medrano
|
|
Batting: RHB Kennet Strijbis
|
0-0: Ball 1-0: Ball 2-0: Called Strike Dwane Reed steals 2nd base 2-1: SINGLE (Groundball, 56, EV 101.3 MPH) Koson Hirai scores Dwane Reed to third
|
Batting: RHB George Lundy
|
0-0: Called Strike 0-1: Ball 1-1: Called Strike 1-2: Fly out, F8 (Flyball, 8RXD, EV 90.6 MPH) Runner from 3rd tags up, SCORES, no throw by CF
|
Batting: RHB Devine Adams
|
0-0: Ball Kennet Strijbis is caught stealing 2nd base 2-4
|
Bottom of the 7th over - 2 runs, 2 hits, 0 errors, 0 left on base; Indianapolis 3 - Colorado Springs 5 |
TOP OF THE 8TH |
Indianapolis Indians batting - Pitching for Colorado Springs Sky Sox : RHP Dave Alfonso
|
Pitching: RHP Curtis Gumbs
|
|
Batting: LHB Jorge Quintana
|
0-0: Called Strike 0-1: Ball 1-1: Foul Ball, location: 2F 1-2: Foul Ball, location: 2F 1-2: Ball 2-2: SINGLE (Flyball, 5D, EV 93.8 MPH)
|
Batting: SHB Louie Horne
|
0-0: Ball 1-0: Called Strike 1-1: Swinging Strike 1-2: Strikes out swinging
|
Batting: RHB Toshimi Shishido
|
0-0: Ball 1-0: Ball 2-0: SINGLE (Groundball, 4MD, EV 99.4 MPH) Jorge Quintana to second Runner from 2nd tries for 3rd, SAFE, throw by CF made at trailing runner, OUT! 8-6
|
Batting: RHB Danny Gallegos
|
0-0: Called Strike 0-1: Called Strike 0-2: Ball 1-2: Foul Ball, location: 2F 1-2: Strikes out swinging
|
Top of the 8th over - 0 runs, 2 hits, 0 errors, 1 left on base; Indianapolis 3 - Colorado Springs 5 |
BOTTOM OF THE 8TH |
Colorado Springs Sky Sox batting - Pitching for Indianapolis Indians : RHP Mario Medrano
|
Batting: RHB Devine Adams
|
0-0: SINGLE (Groundball, 6MS, EV 60.6 MPH) (infield hit)
|
Batting: RHB Bobby Bowman
|
0-0: Ball Wild Pitch! Devine Adams to second 1-0: Called Strike Devine Adams steals 3rd base 1-1: Ball 2-1: SINGLE (Groundball, 6D, EV 100.0 MPH) Devine Adams scores
|
Batting: RHB Orlando Fernandez
|
0-0: Reached on error, E6 (Groundball, 6, EV 88.1 MPH) Bobby Bowman to second
|
Batting: RHB Colin Lord
|
0-0: Bunted foul 0-1: Bunt missed! 0-2: Ball 1-2: Ball 2-2: Grounds into double play, 6-4-3 (Groundball, 6M, EV 106.9 MPH) Bobby Bowman to third
|
Batting: LHB Koson Hirai
|
0-0: Ball 1-0: Called Strike 1-1: Called Strike 1-2: Ball 2-2: Ball 3-2: Strikes out swinging
|
Bottom of the 8th over - 1 run, 2 hits, 1 error, 1 left on base; Indianapolis 3 - Colorado Springs 6 |
TOP OF THE 9TH |
Indianapolis Indians batting - Pitching for Colorado Springs Sky Sox : RHP Curtis Gumbs
|
Pitching: LHP Tristan Morrow
|
|
Batting: RHB Bubba Tierney
|
0-0: Called Strike 0-1: Ball 1-1: Ground out 6-3 (Groundball, 6M, EV 88.1 MPH)
|
Batting: RHB David Contreras
|
0-0: SINGLE (Flyball, 5D, EV 100.0 MPH)
|
Batting: RHB Chris McCoy
|
0-0: Fly out, F3 (Line Drive, 3, EV 62.5 MPH)
|
Batting: SHB Ben Myers
|
0-0: Ball 1-0: Ball 2-0: Called Strike 2-1: Foul Ball, location: 2F 2-2: Fly out, F7 (Flyball, 78M, EV 94.4 MPH)
|
Top of the 9th over - 0 runs, 1 hit, 0 errors, 1 left on base; Indianapolis 3 - Colorado Springs 6 |
|